Map: Site Delta LE

Players

Creator

  • Race: Protoss Protoss
  • Spawn Location: 5:00

ONSYDESolar (Solar) - Winner!

  • Race: Zerg Zerg
  • League: Master
  • Spawn Location: 11:00

VOD

Have the link to the VOD?

Description

Time

  • Played on: Nov. 27, 2023, 5:42 a.m.
  • Length: 9:22
Show
View Real Time Build Order
Export as new Build Order

Creator Protoss 

Build Orders: 1 Gate Expand, Archon Immortal, Archon Drop, Dark Templar Rush 

Get SALT Encoding   

  12  0:00  Probe  
  13  0:13  Pylon  
  13  0:17  Probe (Chrono Boost)  
  14  0:26  Probe (Chrono Boost)  
  15  0:31  Probe (Chrono Boost)  
  16  0:37  Gateway  
  16  0:43  Probe  
  16  0:47  Assimilator  
  17  0:55  Probe  
  18  1:07  Probe  
  19  1:20  Probe  
  20  1:26  Nexus  
  20  1:33  Cybernetics Core  
  20  1:37  Probe  
  21  1:43  Assimilator  
  21  1:49  Probe  
  22  1:54  Pylon  
  22  2:01  Probe  
  23  2:09  Adept (Chrono Boost)  
  23  2:13  Probe  
  26  2:22  Warp Gate  
  26  2:25  Probe  
  27  2:30  Twilight Council  
  27  2:32  Stalker  
  29  2:38  Probe x2 (Chrono Boost)  
  31  2:47  Probe x2 (Chrono Boost)  
  33  2:52  Probe (Chrono Boost)  
  33  2:53  Probe  
  33  2:56  Robotics Facility  
  35  3:06  Probe x2  
  37  3:15  Dark Shrine  
  37  3:19  Gateway  
  37  3:21  Probe x2  
  37  3:23  Adept  
  41  3:29  Gateway  
  41  3:33  Probe  
  42  3:37  Pylon  
  42  3:41  Warp Prism (Chrono Boost)  
  42  3:46  Assimilator  
  44  3:48  Probe  
  44  3:50  Probe  
  44  3:54  Assimilator  
  46  3:58  Pylon  
  46  4:00  Probe  
  47  4:09  Probe  
  48  4:11  Adept  
  48  4:13  Adept, Probe  
  53  4:19  Pylon  
  53  4:21  Probe  
  54  4:32  Dark Templar x3  
  54  4:34  Probe x2  
  63  4:41  Observer  
  63  4:51  Probe x2  
  57  5:03  Dark Templar  
  57  5:04  Dark Templar  
  57  5:06  Probe x2  
  61  5:18  Pylon  
  61  5:19  Dark Templar  
  61  5:20  Nexus  
  61  5:21  Probe x2  
  65  5:33  Probe x2  
  67  5:38  Nexus, Dark Templar  
  69  5:45  Probe x2  
  70  5:50  Charge  
  70  5:51  Nexus  
  70  5:53  Forge  
  70  5:57  Probe x2  
  70  6:01  Archon  
  70  6:02  Stalker, Archon, Dark Templar  
  76  6:07  Pylon  
  76  6:09  Shield Battery, Probe x2  
  78  6:22  Immortal (Chrono Boost)  
  78  6:23  Probe x2  
  82  6:35  Sentry, Probe x2  
  86  6:40  Pylon  
  86  6:42  Protoss Ground Weapons Level 1 (Chrono Boost)  
  86  6:46  Pylon  
  86  6:47  Nexus  
  86  6:53  Pylon  
  86  6:55  Immortal (Chrono Boost)  
  86  6:58  Probe x2  
  86  7:01  Gateway  
  92  7:03  Gateway  
  92  7:04  Sentry  
  92  7:05  Probe  
  92  7:07  Archon  
  95  7:09  Robotics Facility  
  95  7:12  Probe x2  
  95  7:15  Dark Templar  
  99  7:17  Pylon  
  99  7:27  Immortal (Chrono Boost)  
  103  7:34  Archon, Probe x3  
  106  7:38  Dark Templar x2, Photon Cannon  
  106  7:39  Shield Battery  
  106  7:41  Gateway  
  110  7:44  Gateway  
  110  7:47  Gateway  
  110  7:50  Archon  
  110  7:58  Immortal (Chrono Boost)  
  114  8:01  Zealot x2  
  114  8:02  Immortal (Chrono Boost)  
  122  8:09  Zealot  
  122  8:10  Zealot x2  
  127  8:13  Shield Battery  
  127  8:15  Shield Battery  
  123  8:22  Zealot x2  
  115  8:33  Immortal (Chrono Boost)  
  109  8:38  Sentry, Immortal (Chrono Boost)  
  109  8:39  Zealot  
  118  8:42  Sentry  
  116  8:49  Sentry  
  116  8:52  Zealot x2  
  116  8:55  Zealot x2  
  114  9:02  Zealot x2  
Show
View Real Time Build Order
Export as new Build Order

ONSYDESolar Zerg - Winner!

Build Orders: Hatch First 

Get SALT Encoding   

  12  0:00  Drone  
  13  0:12  Overlord  
  13  0:17  Drone  
  14  0:43  Hatchery  
  14  0:45  Drone  
  14  0:48  Drone  
  15  0:53  Drone  
  15  0:56  Drone  
  17  1:07  Drone  
  17  1:10  Extractor  
  17  1:17  Spawning Pool  
  16  1:20  Drone  
  17  1:28  Drone  
  18  1:39  Drone  
  19  1:50  Drone  
  20  1:56  Drone  
  20  2:00  Overlord  
  21  2:04  Queen x2  
  21  2:06  Zergling x2  
  26  2:11  Zergling x2  
  27  2:17  Drone  
  27  2:19  Metabolic Boost  
  27  2:22  Drone  
  29  2:28  Drone  
  30  2:32  Drone  
  31  2:41  Hatchery  
  30  2:47  Queen  
  32  2:51  Overlord  
  32  2:55  Drone  
  32  2:58  Drone x2  
  34  3:01  Drone  
  36  3:09  Queen  
  38  3:15  Drone x4  
  38  3:19  Overlord  
  42  3:21  Drone  
  42  3:25  Drone  
  44  3:35  Overlord  
  44  3:37  Queen  
  44  3:39  Drone x2  
  48  3:45  Zergling x2  
  48  3:46  Zergling x6  
  52  3:51  Roach Warren  
  52  3:55  Queen  
  51  3:56  Drone  
  51  4:02  Drone x3  
  57  4:03  Overlord  
  57  4:07  Zergling x6  
  60  4:13  Drone  
  60  4:17  Zergling x10  
  60  4:23  Overlord  
  65  4:25  Zergling x6  
  65  4:28  Drone  
  69  4:31  Spore Crawler  
  69  4:32  Spore Crawler, Roach  
  69  4:37  Roach x2  
  73  4:44  Overlord  
  71  4:47  Queen  
  68  4:55  Lair  
  68  4:57  Drone x3  
  68  4:58  Spore Crawler  
  68  4:59  Spore Crawler  
  68  5:01  Extractor  
  68  5:05  Drone  
  68  5:06  Drone x2  
  69  5:08  Zergling x6  
  69  5:10  Zergling x4  
  74  5:19  Drone x2  
  75  5:22  Drone  
  75  5:24  Extractor, Roach x3  
  75  5:25  Drone  
  82  5:29  Drone x2  
  82  5:31  Drone x2  
  82  5:35  Drone x2  
  87  5:41  Roach  
  88  5:43  Overlord, Evolution Chamber  
  88  5:46  Overlord  
  87  5:55  Overseer  
  87  5:57  Drone x4  
  89  5:58  Glial Reconstitution  
  89  5:59  Overlord  
  89  6:01  Extractor x2  
  89  6:04  Drone x3, Overseer  
  87  6:06  Drone x2  
  87  6:08  Roach  
  94  6:12  Roach x2  
  94  6:13  Drone  
  94  6:17  Drone  
  100  6:18  Overlord  
  100  6:24  Drone  
  98  6:25  Roach  
  98  6:26  Roach x2  
  98  6:30  Drone x2  
  98  6:31  Drone x2  
  103  6:34  Zerg Missile Weapons Level 1  
  103  6:37  Overlord x2  
  103  6:38  Drone  
  103  6:39  Drone  
  104  6:43  Roach x2  
  108  6:48  Overlord x2  
  108  6:51  Roach  
  110  6:59  Hatchery  
  110  7:00  Roach  
  111  7:03  Roach x2  
  111  7:04  Ravager x3  
  117  7:10  Zergling x10  
  117  7:12  Ravager  
  117  7:15  Overlord  
  123  7:17  Roach x2  
  123  7:21  Roach x2  
  123  7:22  Roach  
  133  7:25  Zergling x6  
  133  7:29  Roach  
  137  7:40  Roach x4  
  137  7:42  Overlord, Ravager  
  137  7:43  Overlord  
  146  7:46  Overlord  
  146  7:51  Overlord  
  145  8:00  Roach  
  145  8:02  Roach x2  
  145  8:03  Roach x5  
  159  8:06  Roach x3  
  159  8:12  Roach x3  
  166  8:13  Zergling x2  
  166  8:19  Roach  
  162  8:20  Roach  
  162  8:25  Roach x2  
  162  8:26  Zergling x4  
  159  8:30  Zergling x6  
  159  8:32  Ravager x2  
  162  8:34  Zergling x4  
  162  8:36  Ravager  
  162  8:37  Ravager  
  162  8:38  Zergling x4  
  162  8:40  Roach  
  170  8:41  Zergling x2  
  170  8:42  Zergling x2  
  170  8:45  Zergling x4  
  167  8:51  Roach x4  
  171  8:56  Roach x2  
  171  9:00  Roach x2  
Tags
 
Add a new tag
Caveats
  • Supply blocks, unpowered buildings, or Contaminate may cause inaccurate times.
  • Supply counts are checked every 10 seconds.